 Dungeon Crawl Stone Soup version 0.30.1-3-gfc49f6343a (webtiles) character file.

Game seed: 9319599376144500149

415 Destapler the Insei (level 6, 0/46 HPs)
             Began as a Demonspawn Transmuter on July 30, 2023.
             Slain by an ice beast (5 damage)
             ... on level 5 of the Dungeon.
             The game lasted 00:14:45 (4433 turns).

Destapler the Insei (Demonspawn Transmuter)         Turns: 4433, Time: 00:14:46

Health: 0/46       AC:  2    Str: 10    XL:     6   Next: 60%
Magic:  5/10       EV: 20    Int: 17    God:
Gold:   124        SH:  0    Dex: 18    Spells: 5/11 levels left

rFire   + .          .
                       - Unarmed
rCold   . . .        (shield currently unavailable)
rNeg    . . .        a - melded +0 robe
rPois   x            (helmet currently unavailable)
rElec   .            r - melded +0 cloak
rCorr   +            (gloves currently unavailable)
SInv    .            k - melded +0 pair of boots
Will    .....        c - amulet of faith
Stlth   ++           j - ring of protection from fire
HPRegen 0.27/turn    y - ring of resist corrosion
MPRegen 0.12/turn

%: faith
@: spider-form
A: venomous fangs, tiny, (spiny 2)
a: End Transformation


You were on level 5 of the Dungeon.
You were a venomous arachnid creature.
You visited 1 branch of the dungeon, and saw 5 of its levels.

You collected 157 gold pieces.
You spent 33 gold pieces at shops.

Inventory:

Armour
 a - a +0 robe (melded)
 k - a +0 pair of boots (melded)
 r - a +0 cloak (melded)
Jewellery
 c - an amulet of faith (around neck)
 j - a ring of protection from fire (left front pincers)
 y - a ring of resist corrosion (right front pincers)
Wands
 p - a wand of polymorph (1)
 q - a wand of light (6)
Scrolls
 d - a scroll of enchant armour {unknown}
 e - 2 scrolls of identify {unknown}
 f - a scroll of brand weapon {unknown}
 h - a scroll of enchant weapon {unknown}
 i - a scroll of teleportation
 l - a scroll of noise {unknown}
 t - a scroll of blinking {unknown}
 v - a scroll of vulnerability {unknown}
 w - a scroll of amnesia {unknown}
 z - a scroll of torment {unknown}
Potions
 b - 2 potions of lignification
 g - 2 potions of curing
 m - a potion of brilliance
 n - a potion of heal wounds {unknown}
 o - a potion of flight {unknown}
 s - a potion of haste {unknown}
 u - a potion of invisibility
 x - a potion of cancellation {unknown}
 A - a potion of mutation {unknown}


   Skills:
 + Level 2.7 Fighting
 - Level 1.0 Armour
 + Level 2.7 Dodging
 - Level 1.0 Stealth
 - Level 3.0 Unarmed Combat
 - Level 3.0 Spellcasting
 - Level 3.0 Transmutations
 + Level 2.0 Ice Magic
 + Level 2.2 Poison Magic
 - Level 1.0 Evocations


You had 5 spell levels left.
You knew the following spells:

 Your Spells              Type           Power      Damage    Failure   Level
a - Beastly Appendage     Tmut           24%        N/A       14%         1
b - Wereblood             Tmut           12%        N/A       21%         2
c - Spider Form           Tmut/Pois      11%        N/A       38%         3

Your spell library contained the following spells:

 Spells                   Type           Power      Damage    Failure   Level
 Dazzling Flash           Conj/Hex       4%         N/A       67%         3
 Volatile Blastmotes      Fire/Tloc      4%         2d10      67%         3
 Ice Form                 Ice/Tmut       11%        N/A       73%         4
 Iskenderun's Mystic Bla  Conj/Tloc      2%         2d3       95%         4
 Starburst                Conj/Fire      1%         6d3       100%        6


Dungeon Overview and Level Annotations

Branches:
Dungeon (5/15)
 Temple: D:4-7

Altars:
Nemelex Xobeh

Shops:
D:5 *

Annotations:
D:4 3 runed translucent doors, Peloso's ghost, amateur MiFi
D:5 Menkaure


Innate Abilities, Weirdness & Mutations

You are a venomous arachnid creature.
You have venomous fangs.
You are tiny and dextrous.
Your spellcasting is less reliable in this form.
Your armour is entirely melded.
You are incapable of wielding weapons or throwing items.
((You are mostly covered in sharp spines.))


Message History

Casting: Spider Form (dangerous; 19% risk of failure)
Confirm with . or Enter, or press ? or * to list all spells.
You turn into a venomous arachnid creature.
Your +0 cloak melds into your body.
Your +0 pair of boots melds into your body.
Your +0 robe melds into your body.
The ice beast hits you. The ice beast freezes you!
You hit the ice beast.
The ice beast is poisoned.
The ice beast is lightly wounded.
Your transformation is almost over.
The ice beast misses you.
You hit the ice beast but do no damage.
The ice beast is lightly wounded.
The ice beast hits you. The ice beast freezes you!
* * * LOW HITPOINT WARNING * * *
You hit the ice beast.
The ice beast is moderately wounded.
The ice beast closely misses you.
You barely miss the ice beast.
The ice beast is heavily wounded.
The ice beast hits you.
* * * LOW HITPOINT WARNING * * *
The ice beast freezes you!
* * * LOW HITPOINT WARNING * * *
The ice beast barely misses you.
Your transformation has ended.
Your +0 cloak unmelds from your body.
Your +0 pair of boots unmelds from your body.
Your +0 robe unmelds from your body.
The ice beast attacks as you move away! The ice beast is struck by your spines.
The ice beast hits you but does no damage.
Casting: Spider Form (dangerous; 19% risk of failure)
Confirm with . or Enter, or press ? or * to list all spells.
You turn into a venomous arachnid creature.
Your +0 cloak melds into your body.
Your +0 pair of boots melds into your body.
Your +0 robe melds into your body.
The ice beast hits you.
* * * LOW HITPOINT WARNING * * *
The ice beast freezes you.
You die...

.#####..###.....M..
###
..........#########
# #########.# #
#...# ##### #.#.#
#...> #.#.# #.###
#.### #.#
#Y#############.#
#.s.............#
#.###############
###


You could see an ice beast (poisoned).

Vanquished Creatures
  A scorpion (D:5)
  Crazy Yiuf (D:2)
  2 orc priests (D:5)
  A jelly (D:4)
  Jessica (D:2)
  2 orc wizards (D:5)
  7 adders
  2 adder skeletons (D:2)
  2 worms (D:2)
  2 dart slugs
  9 orcs
  4 ball pythons
  5 bats
  A bat skeleton (D:2)
  3 endoplasms
  7 hobgoblins
  3 jackals (D:1)
  5 quokkas
  A ball python skeleton (D:2)
  2 frilled lizards
  8 goblins
  7 kobolds
  A quokka skeleton (D:2)
  A quokka zombie (D:2)
  3 rats (D:1)
81 creatures vanquished.

Notes
Turn   | Place    | Note
-------+----------+-------------------------------------------
     0 | D:1      | Destapler the Demonspawn Transmuter began the quest for the
                  | Orb.
     0 | D:1      | Reached XP level 1. HP: 15/15 MP: 3/3
   174 | D:1      | Gained mutation: You are partially covered in sharp spines.
                  | [demonic ancestry]
   174 | D:1      | Reached XP level 2. HP: 21/21 MP: 3/5
   572 | D:2      | Learned a level 2 spell: Wereblood
   658 | D:2      | Gained mutation: You are mostly covered in sharp spines.
                  | [demonic ancestry]
   658 | D:2      | Reached XP level 3. HP: 24/26 MP: 4/6
   662 | D:2      | Learned a level 3 spell: Spider Form
   902 | D:2      | Reached skill level 1 in Poison Magic
   913 | D:2      | Reached skill level 1 in Stealth
   913 | D:2      | Reached skill level 1 in Ice Magic
  1123 | D:2      | Noticed Jessica
  1125 | D:2      | Found a faded altar of an unknown god.
  1135 | D:2      | Killed Jessica
  1136 | D:2      | Reached XP level 4. HP: 33/33 MP: 5/7
  1215 | D:2      | Found a runed translucent door.
  1216 | D:2      | Noticed Crazy Yiuf
  1534 | D:2      | Killed Crazy Yiuf
  1806 | D:3      | Reached XP level 5. HP: 28/38 MP: 7/9
  2025 | D:3      | Found a sparkling altar of Nemelex Xobeh.
  3000 | D:4      | Found a runed translucent gate.
  3000 | D:4      | Found a runed translucent gate.
  3001 | D:4      | Found a runed translucent gate.
  3029 | D:4      | Noticed Peloso's ghost (amateur MiFi)
  3029 | D:4      | Noticed an ice beast
  3568 | D:5      | Entered Level 5 of the Dungeon
  3568 | D:5      | Noticed an ice beast
  3619 | D:5      | Reached skill level 1 in Evocations
  3619 | D:5      | Reached XP level 6. HP: 24/45 MP: 10/10
  3758 | D:5      | Noticed an ice beast
  3919 | D:5      | Noticed Menkaure
  3923 | D:5      | Found Dushuull's General Store.
  3997 | D:5      | Bought a potion of curing for 33 gold pieces
  4101 | D:5      | Reached skill level 1 in Armour
  4433 | D:5      | Slain by an ice beast

Illustrated notes

Levels and vault maps discovered:
D:1:      minmay_arrival_five_plusses, layout_rooms
D:2:      layout_loops_ring, serial_undead, serial_undead_a, serial_undead_e,
          serial_undead_c, serial_undead_b, hellmonk_ecumenical_altar_zigzags,
          corexii_item_surrounded_by_moat, dreamdust_princess_bridge,
          uniq_crazy_yiuf_cottage, uniq_jessica
D:3:      layout_basic, nemelex_dance_club_becter, nicolae_figureground_sparkle
D:4:      layout_cave_pods, gammafunk_ghost_icy
D:5:      layout_basic, nicolae_ashenzari_panopticon, serial_shops,
          nicolae_lakefront_shop, uniq_menkaure

Skill      XL: |  1  2  3  4  5  6 |
---------------+-------------------+-----
Dodging        | 2 |  2.7
Transmutations | 2 3 |  3.0
Poison Magic   | 1 2 |  2.2
Stealth        | 1 |  1.0
Unarmed Combat | 3 |  3.0
Ice Magic      | 1 2 |  2.0
Fighting       | 2 |  2.7
Spellcasting   | 3 |  3.0
Evocations     | 1 |  1.0
Armour         | 1 |  1.0

Action                     |  1- 3 |  4- 6 || total
---------------------------+-------+-------++-------
  Melee: Unarmed           |    68 |    96 ||   164
         Kick              |    17 |    16 ||    33
         Headbutt          |     8 |    10 ||    18
         Punch             |     2 |     1 ||     3
   Cast: Beastly Appendage |    21 |    26 ||    47
         Spider Form       |       |     5 ||     5
         Wereblood         |       |     2 ||     2
    Use: Scroll            |       |     1 ||     1
   Stab: Sleeping          |     1 |       ||     1
 Armour: Robe              |     8 |    10 ||    18
  Dodge: Dodged            |    41 |    52 ||    93
